 Dungeon Crawl Stone Soup version 0.29.1-2-gbd0b4ee654 (webtiles) character file.

Game seed: 15781860023171919162

58 croobank the Conjurer (level 3, -9/24 HPs)
             Began as a Demonspawn Conjurer on Oct 29, 2022.
             Mangled by a gnoll
             ... wielding a +0 whip
              (10 damage)
             ... on level 2 of the Dungeon.
             The game lasted 00:03:45 (1778 turns).

croobank the Conjurer (Demonspawn Conjurer)         Turns: 1778, Time: 00:03:45

Health: -9/24      AC:  2    Str:  7    XL:     3   Next: 75%
Magic:  2/6        EV: 12    Int: 21    God:
Gold:   74         SH:  0    Dex: 11    Spells: 4/7 levels left

rFire   . . .      SeeInvis .   g - +0 short sword
rCold   . . .      Faith    .   (no shield)
rNeg    . . .      Spirit   .   a - +0 robe
rPois   .          Reflect  .   (no helmet)
rElec   .          Harm     .   (no cloak)
rCorr   .          Rampage  .   (no gloves)
Will    .....                   (no boots)
Stlth   ++........              (no amulet)
HPRegen 0.08/turn               (no ring)
MPRegen 0.10/turn               (no ring)

@: no status effects
A: foul stench 1
a: no special abilities


You were on level 2 of the Dungeon.
You visited 1 branch of the dungeon, and saw 2 of its levels.

You collected 74 gold pieces.

Inventory:

Hand Weapons
 g - a +0 short sword (weapon)
Armour
 a - a +0 robe (worn)
Scrolls
 c - a scroll of identify {unknown}
 e - 2 scrolls of fear
 f - a scroll of poison
Potions
 b - a potion of resistance {unknown}
 d - a potion of heal wounds {unknown}
 h - a potion of degeneration {unknown}
 i - a potion of flight {unknown}


   Skills:
 + Level 2.4 Dodging
 + Level 2.5 Stealth
 + Level 2.5 Spellcasting
 + Level 4.3 Conjurations


You had 4 spell levels left.
You knew the following spells:

 Your Spells              Type           Power      Damage    Failure   Level
a - Magic Dart            Conj           84%        1d7       2%          1
b - Searing Ray           Conj           42%        2d6       3%          2

Your spell library contained the following spells:

 Spells                   Type           Power      Damage    Failure   Level
 Dazzling Flash           Conj/Hex       22%        N/A       17%         3
 Fulminant Prism          Conj/Hex       5%         3d7       50%         4
 Iskenderun's Mystic Bla  Conj/Tloc      11%        2d4       50%         4


Dungeon Overview and Level Annotations

Branches:
Dungeon (2/15)

Altars:
Kikubaaqudgha


Innate Abilities, Weirdness & Mutations

You may rarely emit foul miasma when damaged in melee.


Message History

Aiming: Magic Dart (safe; 2% risk of failure)
Press: ? - help, Shift-Dir - straight line, f - gnoll
Aim: a gnoll, wielding a +0 whip (100% to hit)
The magic dart hits the gnoll.
The gnoll is lightly wounded.
Casting: Magic Dart (safe; 2% risk of failure)
Confirm with . or Enter, or press ? or * to list all spells.
You don't have enough magic to cast this spell.
Casting: Magic Dart (safe; 2% risk of failure)
Confirm with . or Enter, or press ? or * to list all spells.
You don't have enough magic to cast this spell.
A gnoll comes into view. It is wielding a +0 flail.
Found a knobbly marble ring.
Found an ancient bone altar of Kikubaaqudgha.
An endoplasm comes into view.
The gnoll shouts!
The gnoll closely misses you.
You hit the gnoll.
The gnoll is lightly wounded.
The gnoll hits you with a +0 whip.
You closely miss the gnoll.
The gnoll is lightly wounded.
The gnoll closely misses you.
You barely miss the gnoll.
The gnoll is lightly wounded.
The gnoll barely misses you.
You hit the gnoll but do no damage.
The gnoll is lightly wounded.
The gnoll hits you with a +0 whip!
You barely miss the gnoll.
The gnoll is lightly wounded.
The gnoll misses you.
You closely miss the gnoll.
The gnoll is lightly wounded.
The gnoll hits you with a +0 whip!
* * * LOW HITPOINT WARNING * * *
You hit the gnoll.
The gnoll is moderately wounded.
The gnoll hits you with a +0 whip!
You die...

.J.##.# ......#
###.....# # #..=._..#
#.#.#.....#
.........####
#.......... #.# #@# #g#
#. #g#######g..
#.##......).
#.##........
##########.##........
#................)...
####.#######....########
#......#####....#


You could see 2 gnolls.

Vanquished Creatures
  2 gnolls (D:2)
  9 bats
  3 endoplasms (D:1)
  4 hobgoblins
  3 jackals (D:1)
  A quokka (D:1)
  3 ball pythons (D:1)
  5 frilled lizards
  2 goblins (D:1)
  4 kobolds (D:1)
36 creatures vanquished.

Vanquished Creatures (others)
  A plant (D:1)
1 creature vanquished.

Grand Total: 37 creatures vanquished

Notes
Turn   | Place    | Note
-------+----------+-------------------------------------------
     0 | D:1      | croobank the Demonspawn Conjurer began the quest for the
                  | Orb.
     0 | D:1      | Reached XP level 1. HP: 13/13 MP: 3/3
   212 | D:1      | Gained mutation: You may rarely emit foul miasma when
                  | damaged in melee. [demonic ancestry]
   212 | D:1      | Reached XP level 2. HP: 19/19 MP: 1/5
   215 | D:1      | Learned a level 2 spell: Searing Ray
  1168 | D:1      | Reached XP level 3. HP: 24/24 MP: 6/6
  1346 | D:1      | Found a faded altar of an unknown god.
  1767 | D:2      | Found an ancient bone altar of Kikubaaqudgha.
  1777 | D:2      | HP: 1/24 [gnoll/+0 whip (9)]
  1778 | D:2      | Mangled by a gnoll

Illustrated notes

Levels and vault maps discovered:
D:1:      saegor_arrival_simple_a, layout_loops_ring,
          dreamdust_ecumenical_altar_hidden_monk_grotto, minivault_11
D:2:      layout_basic, basic_altar, minmay_surrounded

Skill      XL: |  1 |
---------------+----+-----
Stealth        | 2 |  2.5
Dodging        | 2 |  2.4
Spellcasting   | |  2.5
Conjurations   | |  4.3

Action                   || total
-------------------------++-------
Melee: Short sword       ||    28
 Cast: Magic Dart        ||    41
       Searing Ray       ||     3
  Use: Scroll            ||     4
       Potion            ||     1
 Stab: Sleeping          ||     2
Armor: Robe              ||     5
Dodge: Dodged            ||    30
